Map: Ulrena

Players

fiReSD - Winner!

  • Race: Terran Terran
  • League: Master

Kaldi

  • Race: Zerg Zerg
  • League: Master

VOD

Have the link to the VOD?

Description

Time

  • Played on: March 13, 2016, 6:43 a.m.
  • Length: 7:50
Show
View Real Time Build Order
Export as new Build Order

fiReSD Terran - Winner!

Build Orders: MMM Bio 

Get SALT Encoding   

  12  0:01  SCV  
  13  0:13  SCV  
  14  0:18  Supply Depot  
  14  0:25  SCV  
  15  0:39  SCV  
  15  0:41  Barracks  
  16  0:51  SCV  
  17  1:03  SCV  
  18  1:16  SCV  
  19  1:28  Orbital Command  
  19  1:29  Marine  
  20  1:36  Command Center  
  20  1:42  Supply Depot  
  20  1:46  Marine  
  21  1:56  Barracks  
  21  1:59  SCV  
  22  2:11  Marine  
  23  2:16  SCV  
  23  2:17  Barracks  
  23  2:20  Barracks  
  24  2:28  SCV  
  25  2:32  Marine  
  26  2:52  Orbital Command  
  26  2:53  SCV  
  26  2:55  Marine  
  26  2:57  Marine  
  29  3:06  Marine  
  29  3:08  SCV  
  29  3:10  Marine  
  32  3:12  Marine  
  32  3:15  Marine  
  34  3:21  SCV x2  
  34  3:22  Supply Depot  
  34  3:25  Marine  
  37  3:29  Marine, Supply Depot  
  37  3:30  Marine  
  39  3:34  SCV x2  
  39  3:38  Marine, Refinery x2  
  42  3:43  Marine  
  42  3:46  Marine  
  42  3:48  Marine  
  44  3:55  SCV x2  
  47  3:56  Marine  
  47  4:01  Marine  
  47  4:02  Refinery  
  49  4:03  Refinery  
  49  4:04  Marine  
  49  4:05  Supply Depot  
  49  4:06  Marine  
  49  4:07  SCV x2  
  49  4:08  Bunker  
  53  4:14  Marine  
  54  4:19  Marine  
  54  4:22  Marine  
  54  4:24  Marine  
  49  4:32  Marine  
  49  4:36  SCV x2  
  49  4:37  Marine  
  49  4:39  Factory  
  49  4:40  Marine  
  49  4:42  Barracks  
  49  4:45  Bunker, Marine  
  50  4:48  SCV x2  
  54  5:00  Barracks Tech Lab  
  54  5:02  SCV x2  
  54  5:03  Marine  
  54  5:14  Barracks Tech Lab  
  54  5:16  Barracks Reactor  
  47  5:24  SCV x2  
  44  5:32  Marine x2  
  44  5:35  Marauder  
  47  5:36  Stimpack  
  47  5:37  Starport  
  47  5:44  SCV x2  
  47  5:47  Combat Shields  
  49  5:50  Barracks Reactor  
  49  5:51  Barracks Reactor, Marauder  
  49  5:52  Factory Reactor  
  49  5:56  SCV x2  
  53  6:00  Marauder  
  55  6:08  SCV x2  
  55  6:09  Supply Depot  
  55  6:10  Marine x2  
  59  6:18  Marauder  
  61  6:20  SCV  
  61  6:21  SCV  
  61  6:23  Marauder  
  65  6:32  Marine x2  
  66  6:35  SCV x2  
  66  6:37  Medivac  
  66  6:38  Medivac  
  72  6:41  Marauder, Supply Depot  
  72  6:43  Marine x2  
  72  6:45  Supply Depot  
  76  6:47  Supply Depot  
  76  6:48  SCV x2  
  78  6:55  Marine  
  78  6:56  Marine  
  78  7:02  Marine x2, Marauder  
  78  7:04  Supply Depot  
  78  7:07  Supply Depot  
  82  7:11  Marine x2  
  84  7:16  Marine, Marauder  
  84  7:17  Marine  
  88  7:23  Marine  
  88  7:24  Marauder  
  91  7:30  Marine  
Show
View Real Time Build Order
Export as new Build Order

Kaldi Zerg 

Build Orders: Hatch First 

Get SALT Encoding   

  12  0:04  Drone  
  13  0:13  Overlord  
  13  0:20  Drone  
  14  0:31  Drone x2  
  16  0:37  Drone  
  17  0:55  Hatchery  
  16  1:00  Drone  
  17  1:12  Spawning Pool  
  17  1:14  Drone  
  18  1:18  Drone  
  18  1:23  Drone  
  19  1:35  Drone  
  20  1:44  Overlord  
  20  1:58  Overlord  
  20  2:05  Drone  
  21  2:10  Queen  
  21  2:11  Zergling x2, Queen  
  26  2:19  Drone x2  
  28  2:26  Drone  
  29  2:30  Drone  
  29  2:34  Extractor  
  29  2:37  Extractor, Drone  
  28  2:41  Drone  
  30  2:46  Overlord  
  30  2:49  Queen  
  32  2:56  Drone  
  33  3:02  Drone x2  
  34  3:07  Drone  
  35  3:16  Roach Warren, Drone  
  35  3:19  Drone x3  
  38  3:21  Drone x3  
  38  3:23  Metabolic Boost  
  41  3:29  Overlord  
  41  3:41  Overlord x2  
  41  3:57  Roach x5  
  41  4:00  Roach x2  
  41  4:01  Roach  
  57  4:07  Baneling Nest  
  56  4:15  Zergling x6  
  55  4:27  Roach x2  
  55  4:28  Roach x2  
  60  4:40  Zergling x2  
  60  4:41  Zergling x4  
  63  4:48  Zergling x4  
  63  4:51  Baneling  
  64  4:53  Baneling x2  
  64  4:55  Baneling  
  64  4:59  Zergling x4  
  56  5:23  Drone x7  
  49  5:31  Drone x2  
  49  5:34  Extractor  
  49  5:36  Extractor  
  49  5:40  Evolution Chamber x2  
  49  5:42  Hatchery  
  41  5:44  Drone x2  
  41  5:45  Queen  
  41  5:47  Drone, Lair  
  46  5:50  Drone  
  47  5:59  Drone  
  47  6:03  Zergling x2  
  49  6:06  Drone x3  
  52  6:12  Drone  
  52  6:17  Drone x4  
  57  6:29  Zergling x4  
  57  6:32  Zergling x6  
  62  6:36  Zergling x2  
  63  6:42  Zergling x2  
  64  6:48  Spire, Drone x3  
  64  6:52  Drone x2  
  68  7:01  Zergling x2  
  68  7:02  Zergling x4  
  71  7:09  Zergling x6  
  71  7:14  Overlord x2  
  74  7:21  Baneling x6  
  74  7:22  Hatchery  
  72  7:32  Overlord x3  
Tags
 
Composition
MMM Bio
Matchup
TvZ
Add a new tag
Caveats
  • Supply blocks, unpowered buildings, or Contaminate may cause inaccurate times.
  • Supply counts are checked every 10 seconds.